 Dungeon Crawl Stone Soup version 0.27.1-34-g3ba077fa99 (webtiles) character file.

Game seed: 15151654233691170016

108239 ticklebelly the Severer (level 16, -9/158 HPs)
             Began as a Minotaur Berserker on Jan 7, 2022.
             Was a High Priest of Trog.
             Mangled by a swamp worm (28 damage)
             ... called by a spriggan druid
             ... on level 1 of the Swamp.
             The game lasted 01:16:26 (18677 turns).

ticklebelly the Severer (Minotaur Berserker)       Turns: 18677, Time: 01:16:26

Health: -9/158     AC: 19    Str: 28    XL:     16   Next: 2%
Magic:  5/5        EV: 13    Int:  4    God:    Trog [*****.]
Gold:   2031       SH:  0    Dex: 15    Spells: 15/15 levels left

rFire    + . .     SeeInvis +   I - +0 broad axe (antimagic)
rCold    . . .     Faith    .   (no shield)
rNeg     + . .     Spirit   .   D - +0 plate armour
rPois    .         Reflect  .   M - +0 mask of the Dragon {Will+ Slay+3 SInv}
rElec    .         Harm     .   (no cloak)
rCorr    .         Rampage  .   F - +0 pair of gloves
Will     ++++.                  R - +2 pair of boots {Stlth+}
Stlth    ..........             a - amulet of Irghaklu {rF+ rN+ Regen+}
HPRegen  2.36/turn              j - +4 ring of slaying
MPRegen  0.09/turn              U - ring "Ciorphaec" {Dex+4 SInv}

@: strong-willed, corroded, regenerating, studying Long Blades
A: horns 2, retaliatory headbutt
a: Renounce Religion, Berserk, Trog's Hand, Brothers in Arms


You were on level 1 of the Swamp.
You worshipped Trog.
Trog was extremely pleased with you.
You visited 4 branches of the dungeon, and saw 23 of its levels.
You also visited: Sewer, Gauntlet, Ice Cave and Volcano.

You collected 3291 gold pieces.
You spent 1260 gold pieces at shops.

Inventory:

Hand Weapons
 g - a +2 flail of protection
 I - a +0 antimagic broad axe (weapon)
 Q - a +2 antimagic battleaxe
 Y - a +2 executioner's axe of protection
Missiles
 u - 30 boomerangs (quivered)
Armour
 D - a +0 plate armour (worn)
 F - a +0 pair of gloves (worn)
 M - the +0 mask of the Dragon (worn) {Will+ Slay+3 SInv}
   (You bought it in a shop on level 10 of the Dungeon)

   Slay:      It affects your accuracy & damage with ranged weapons and melee
   (+3).
   SInv:      It lets you see invisible.
   Will:      It increases your willpower.
 R - a +2 pair of boots of stealth (worn)
Jewellery
 a - the amulet of Irghaklu (around neck) {rF+ rN+ Regen+}
   (You bought it in a shop on level 2 of the Orcish Mines)

   [amulet of regeneration]

   rF:        It protects you from fire.
   rN:        It protects you from negative energy.
   Regen:     It increases your rate of health regeneration.
 e - a ring of fire
 i - a ring of poison resistance
 j - a +4 ring of slaying (left hand)
 r - a ring of positive energy
 G - a ring of protection from cold
 K - a +4 ring of evasion
 T - a +4 ring of protection
 U - the ring "Ciorphaec" (right hand) {Dex+4 SInv}
   (You found it in a Gauntlet)

   [ring of see invisible]

   Dex:       It affects your dexterity (+4).
   SInv:      It lets you see invisible.
 W - a ring of flight
Wands
 c - a wand of mindburst (13)
 n - a wand of polymorph (25)
 S - a wand of paralysis (7)
 V - a wand of digging (6)
 X - a wand of flame (23)
 Z - a wand of charming (31)
Scrolls
 d - a scroll of identify
 o - a scroll of fog
 p - 3 scrolls of fear
 q - 6 scrolls of magic mapping
 s - 8 scrolls of teleportation
 x - 7 scrolls of enchant armour
 A - 4 scrolls of enchant weapon
 C - a scroll of brand weapon
 H - 2 scrolls of silence
 J - 2 scrolls of immolation
 O - 3 scrolls of holy word
Potions
 b - 12 potions of curing
 f - 6 potions of brilliance
 k - 11 potions of haste
 l - 6 potions of might
 m - 2 potions of invisibility
 v - 5 potions of lignification
 z - 4 potions of cancellation
 B - 4 potions of heal wounds
 E - a potion of magic {unknown}
 L - a potion of flight
 N - a potion of experience {unknown}


   Skills:
 + Level 18.3 Fighting
 + Level 18.3 Axes
 + Level 17.7 Armour
 + Level 10.8 Dodging


You had 15 spell levels left.
You didn't know any spells.
Your spell library was empty.

Dungeon Overview and Level Annotations

Branches:
Dungeon (14/15)            Temple (0/1) D:4            Lair (6/6) D:8
  Swamp (1/4) Lair:3        Snake (0/4) Lair:3        Slime (0/5) Lair:5
    Orc (2/2) D:11            Elf (0/3) Orc:2        Vaults (0/5) D:14
  Sewer (visited)           IceCv (visited)         Volcano (visited)
Gauntlet (visited)

Altars:
Dithmenos
Qazlal
Beogh

Shops:
D:8 =   D:9 =   D:10 [   D:11 *:*   Orc:2 ([=?

Annotations:
Lair:4 2 transporters


Innate Abilities, Weirdness & Mutations

You have a pair of horns on your head.
You reflexively headbutt those who attack you in melee.


Message History

The seven-headed hydra bites your troll!
The seven-headed hydra bites your troll.
The seven-headed hydra bites your troll! x2
Your troll dies!
Your troll's corpse disappears in a puff of smoke!
Your skin crawls.
You feel strong-willed.
Your deep troll bites the spriggan!
Your deep troll claws the spriggan!
The spriggan dies!
Trog accepts your kill.
You hear a splash. x2
The swamp worm fires a harpoon shot at you.
The harpoon shot hits you!
You are yanked forward by the harpoon shot.
The goliath frog hits you!!
* * * LOW HITPOINT WARNING * * *
You are splashed with acid!
* * * LOW HITPOINT WARNING * * *
The seven-headed hydra bites you but does no damage. x2
The seven-headed hydra bites you.
* * * LOW HITPOINT WARNING * * *
The seven-headed hydra barely misses you.
The seven-headed hydra bites you.
* * * LOW HITPOINT WARNING * * *
The seven-headed hydra bites you but does no damage.
The seven-headed hydra closely misses you.
The goliath frog closely misses you. You furiously retaliate!
You headbutt the goliath frog.
The swamp worm bites you but does no damage.
You feel much better.
Your deep troll bites the seven-headed hydra!!
Your deep troll claws the seven-headed hydra!!
The seven-headed hydra dies!
Trog accepts your kill. The goliath frog hits you!
* * * LOW HITPOINT WARNING * * *
The acid corrodes you!
You are splashed with acid!
* * * LOW HITPOINT WARNING * * *
The swamp worm bites you!!
You die...

.≈≈≈.≈........
≈.≈≈≈≈§§..≈≈≈.
♣.≈≈≈≈≈≈.≈≈≈≈
♣.≈≈≈≈≈≈.≈.. .
≈≈§≈≈≈≈≈...♣ ...
.≈≈≈≈≈≈≈≈≈≈♣♣..≈.
≈≈≈≈≈≈≈≈x≈≈.≈≈..≈
/.≈≈≈≈)Tx§....♣
..≈≈.≈≈)@♣♣♣≈♣♣
..≈§≈≈≈wF♣
≈≈..§≈≈.w♣
♣≈.≈......♣
♣♣♣♣♣♣≈≈....
♣.≈..^>.
♣≈≈♣♣≈.... ♣.≈♣
♣♣..≈ ≈§≈. .≈≈


You could see a goliath frog (strong), 2 swamp worms, 2 friendly bunyips and a
friendly deep troll (summoned, berserk).

Vanquished Creatures
  Jorgrun (D:13)
  Rupert (Orc:2)
  A fenstrider witch (shapeshifter) (D:14)
  A minotaur (Gauntlet)
  Josephine (D:12)
  Harold (Lair:2)
  4 boulder beetles
  13 hydras
  A centaur warrior (D:10)
  4 ogre magi (Orc:2)
  2 catoblepae
  11 two-headed ogres
  Erica (D:8)
  21 death yaks
  A tengu warrior (D:14)
  Urug (Lair:2)
  An orc high priest (Orc:2)
  Nergalle (Orc:1)
  A bog body (Lair:3)
  2 glowing orange brains (Gauntlet)
  A harpy (shapeshifter) (D:14)
  A lindwurm (Lair:6)
  8 ugly things
  2 slime creatures (D:14)
  A deep elf pyromancer (D:10)
  3 manticores
  2 wolf spiders (Lair:6)
  3 cyclopes
  An orc sorcerer (Volcano)
  An ice statue (IceCv)
  7 black mambas
  A guardian serpent (Lair:6)
  A smoke demon (Volcano)
  A molten gargoyle (Gauntlet)
  4 gargoyles
  3 torpor snails
  11 cane toads
  2 rime drakes
  6 komodo dragons
  A kobold demonologist (D:10)
  An efreet (D:13)
  6 trolls
  11 polar bears
  3 tyrant leeches
  2 hornets (Lair:6)
  A meliai zombie (D:11)
  11 dream sheep
  12 blink frogs
  3 shadows
  A vampire (D:12)
  8 fire bats
  Sigmund (D:2)
  4 wraiths (D:12)
  3 redbacks (Lair:6)
  4 basilisks
  49 yaks
  A human (shapeshifter) (D:14)
  11 wyverns
  4 steam dragons
  6 vampire mosquitoes
  2 wargs (Orc:2)
  24 water moccasins
  A hell hound (Volcano)
  2 black bears
  An ice beast (D:5)
  3 sky beasts
  11 orc warriors
  25 ogres
  6 centaurs
  30 wolves
  A phantom (D:6)
  2 kobold brigands
  15 bullfrogs
  A water moccasin skeleton (D:5)
  14 killer bees
  5 howler monkeys
  An electric eel (Lair:1)
  4 lava snakes (Volcano)
  6 centaur zombies
  4 jellies
  4 hounds (D:6)
  3 bullfrog skeletons
  6 orc priests
  Crazy Yiuf (D:3)
  Jessica (D:2)
  Terence (D:2)
  2 iguanas (D:7)
  17 orc wizards
  4 hell rats (Lair:6)
  A howler monkey zombie (D:11)
  3 howler monkey skeletons
  9 river rats
  20 adders
  A white imp (D:6)
  3 ufetubi
  An adder skeleton (D:4)
  4 worms
  39 orcs
  7 bats
  7 endoplasms
  5 giant cockroaches
  2 hobgoblins (D:2)
  2 jackals (D:2)
  A quokka (D:2)
  16 ball pythons
  2 frilled lizards (D:3)
  2 goblins
  11 kobolds
  30 rats
  A fungus (Lair:6)
636 creatures vanquished.

Vanquished Creatures (collateral kills)
  A hydra (Swamp:1)
  2 ironbound frosthearts (IceCv)
  A catoblepas (Gauntlet)
  3 two-headed ogres (Orc:2)
  A spriggan druid (Swamp:1)
  A molten gargoyle (Volcano)
  2 polar bears (IceCv)
  2 spriggans (Swamp:1)
  A vampire mosquito (Swamp:1)
  A swamp worm (Swamp:1)
  3 orc warriors (Orc:2)
  2 wolves (IceCv)
  5 ogres (Orc:2)
25 creatures vanquished.

Vanquished Creatures (others)
  An unseen horror (D:7)
  19 fungi
  30 plants
  3 toadstools (D:1)
  23 withered plants (Gauntlet)
76 creatures vanquished.

Grand Total: 737 creatures vanquished

Notes
Turn   | Place    | Note
-------+----------+-------------------------------------------
     0 | D:1      | ticklebelly the Minotaur Berserker began the quest for the
                  | Orb.
     0 | D:1      | Reached XP level 1. HP: 19/19 MP: 0/0
   605 | D:1      | Found a faded altar of an unknown god.
   695 | D:1      | Reached XP level 2. HP: 27/27 MP: 1/1
  1203 | D:2      | Noticed Terence
  1211 | D:2      | Killed Terence
  1212 | D:2      | Reached XP level 3. HP: 34/34 MP: 2/2
  1356 | D:2      | Noticed Jessica
  1362 | D:2      | Noticed Sigmund
  1370 | D:2      | Killed Jessica
  1371 | D:2      | Reached XP level 4. HP: 41/41 MP: 3/3
  1374 | D:2      | Killed Sigmund
  1375 | D:2      | Reached XP level 5. HP: 50/50 MP: 4/4
  1745 | D:3      | Reached ** piety under Trog
  1790 | D:3      | Found a runed translucent door.
  1791 | D:3      | Noticed Crazy Yiuf
  1854 | D:3      | Killed Crazy Yiuf
  1995 | D:3      | Reached XP level 6. HP: 50/57 MP: 5/5
  2337 | D:4      | Found a staircase to the Ecumenical Temple.
  2979 | D:5      | Entered Level 5 of the Dungeon
  3035 | D:5      | Reached XP level 7. HP: 64/64 MP: 6/6
  3189 | D:5      | Noticed a troll
  3195 | D:5      | Killed a troll
  3618 | D:6      | Reached XP level 8. HP: 71/73 MP: 7/7
  3622 | D:6      | Reached skill level 5 in Armour
  3654 | D:6      | Reached *** piety under Trog
  3669 | D:6      | Reached skill level 5 in Dodging
  3728 | D:6      | Found a glowing drain.
  3739 | Sewer    | Entered a sewer
  3881 | Sewer    | Reached **** piety under Trog
  4291 | D:6      | Reached XP level 9. HP: 76/82 MP: 8/8
  4445 | D:7      | Found a shadowy altar of Dithmenos.
  4459 | D:7      | Identified the +2 leather armour of Servitude {Dex+2}
  4570 | D:7      | Noticed a manticore
  4577 | D:7      | Killed an unseen horror
  4588 | D:7      | Killed a manticore
  4660 | D:7      | Reached skill level 10 in Axes
  4664 | D:7      | Reached skill level 10 in Fighting
  4667 | D:7      | Reached ***** piety under Trog
  5174 | D:8      | Reached XP level 10. HP: 67/94 MP: 9/9
  5218 | D:8      | Found a staircase to the Lair.
  5375 | D:8      | Found Dizoh's Jewellery Shop.
  5375 | D:8      | Noticed Erica
  5384 | D:8      | Killed Erica
  5444 | D:8      | Noticed a gargoyle
  5457 | D:8      | Killed a gargoyle
  5530 | D:8      | Reached skill level 10 in Armour
  5538 | D:8      | Noticed a boulder beetle
  5569 | D:8      | Killed a boulder beetle
  5640 | D:8      | Noticed a five-headed hydra
  5648 | D:8      | Killed a five-headed hydra
  5649 | D:8      | Reached XP level 11. HP: 104/104 MP: 10/10
  6158 | D:9      | Found Ipheumm's Jewellery Shop.
  6800 | D:10     | Entered Level 10 of the Dungeon
  6900 | D:10     | Found Imivvaog's Armour Boutique.
  6905 | D:10     | Bought the +0 mask of the Dragon {Will+ Slay+3 SInv} for
                  | 434 gold pieces
  6905 | D:10     | Found the +0 mask of the Dragon {Will+ Slay+3 SInv}
  6940 | D:10     | Noticed a deep elf pyromancer
  6946 | D:10     | Killed a deep elf pyromancer
  7015 | D:10     | Noticed a centaur warrior
  7024 | D:10     | Killed a centaur warrior
  7642 | Lair:1   | Entered Level 1 of the Lair of Beasts
  7802 | Lair:1   | Received a gift from Trog
  7906 | Lair:1   | Found a dark tunnel.
  7915 | Volcano  | Entered a volcano
  8022 | Volcano  | Reached XP level 12. HP: 67/115 MP: 11/11
  8186 | Volcano  | Found a bloodstained altar of Trog.
  8915 | Lair:2   | Noticed Harold
  8927 | Lair:2   | Killed Harold
  9086 | Lair:2   | Noticed Urug
  9089 | Lair:2   | Noticed a catoblepas
  9095 | Lair:2   | Killed Urug
  9097 | Lair:2   | Killed a catoblepas
  9724 | Lair:3   | Noticed a death yak
  9726 | Lair:3   | Noticed a death yak
  9727 | Lair:3   | Noticed a death yak
  9727 | Lair:3   | Noticed a death yak
  9727 | Lair:3   | Noticed a death yak
  9729 | Lair:3   | Noticed a death yak
  9733 | Lair:3   | Killed a death yak
  9738 | Lair:3   | Killed a death yak
  9740 | Lair:3   | Killed a death yak
  9745 | Lair:3   | Killed a death yak
  9747 | Lair:3   | Killed a death yak
  9755 | Lair:3   | Killed a death yak
  9776 | Lair:3   | Found a gate leading to a gauntlet.
  9778 | Lair:3   | Noticed a death yak
  9785 | Gauntlet | Entered a Gauntlet
  9785 | Gauntlet | Found a transporter.
  9785 | Gauntlet | Found a transporter.
  9786 | Gauntlet | Found a transporter.
  9789 | Gauntlet | Found a transporter.
  9789 | Gauntlet | Found a transporter.
  9789 | Gauntlet | Noticed a catoblepas
  9799 | Gauntlet | Found a transporter.
  9803 | Gauntlet | Found a transporter.
  9855 | Gauntlet | Reached skill level 10 in Dodging
  9855 | Gauntlet | Reached XP level 13. HP: 92/124 MP: 12/12
  9957 | Gauntlet | Identified the ring "Ciorphaec" {Dex+4 SInv}
  9968 | Gauntlet | Noticed a minotaur
  9977 | Gauntlet | Killed a minotaur
 10085 | Lair:3   | Found a frozen archway.
 10093 | IceCv    | Entered an ice cave
 10237 | IceCv    | Received a gift from Trog
 10432 | IceCv    | Reached skill level 15 in Fighting
 10502 | IceCv    | Reached skill level 15 in Axes
 11140 | Lair:3   | Found a staircase to the Swamp.
 11277 | Lair:3   | Found a staircase to the Snake Pit.
 11396 | Lair:3   | Reached XP level 14. HP: 79/135 MP: 13/13
 11917 | Lair:4   | Reached skill level 15 in Armour
 11984 | Lair:4   | Found a transporter.
 11998 | Lair:4   | Found a transporter.
 12201 | Lair:4   | Received a gift from Trog
 12549 | Lair:4   | Found a runed translucent door.
 12812 | Lair:5   | Found a staircase to the Slime Pits.
 13266 | Lair:5   | Found the +8 whip "Snakebite" {venom, curare, rPois}
 13461 | Lair:6   | Entered Level 6 of the Lair of Beasts
 14402 | Lair:6   | Received a gift from Trog
 14488 | Lair:6   | Reached XP level 15. HP: 124/147 MP: 4/14
 15010 | D:11     | Found Duecasoe's Assorted Antiques.
 15129 | D:11     | Found Fer Oda's Assorted Antiques.
 15311 | D:11     | Found Iteatufe's Book Boutique.
 15358 | D:11     | Found a staircase to the Orcish Mines.
 15582 | D:12     | Found a stormy altar of Qazlal.
 15586 | D:12     | Noticed Josephine
 15592 | D:12     | Killed Josephine
 16237 | D:13     | Noticed Jorgrun
 16256 | D:13     | Killed Jorgrun
 16850 | D:14     | Noticed a fenstrider witch
 16855 | D:14     | a fenstrider witch changed into an iron troll
 16857 | D:14     | Noticed a fenstrider witch
 16857 | D:14     | an iron troll changed into a fenstrider witch
 16859 | D:14     | Killed a fenstrider witch
 16874 | D:14     | Found a gate to the Vaults.
 17141 | D:13     | Identified a scroll of acquirement
 17142 | D:13     | Acquired 886 gold pieces
 17204 | Orc:1    | Entered Level 1 of the Orcish Mines
 17211 | Orc:1    | Noticed Nergalle
 17218 | Orc:1    | Killed Nergalle
 17238 | Orc:2    | Entered Level 2 of the Orcish Mines
 17243 | Orc:2    | Noticed Rupert
 17279 | Orc:2    | Killed Rupert
 17368 | Orc:2    | Reached ****** piety under Trog
 17584 | Orc:2    | Found a staircase to the Elven Halls.
 17625 | Orc:2    | Received a gift from Trog
 17823 | Orc:2    | Found Izxih's Armour Boutique.
 17837 | Orc:2    | Found Ojaleps's Antique Weapon Shoppe.
 17837 | Orc:2    | Found Halin's Jewellery Boutique.
 17837 | Orc:2    | Found Qeal's Magic Scroll Emporium.
 18323 | Orc:2    | Bought the amulet of Irghaklu {rF+ rN+ Regen+} for 674 gold
                  | pieces
 18338 | Orc:2    | Bought a scroll of summoning for 152 gold pieces
 18536 | Swamp:1  | Entered Level 1 of the Swamp
 18635 | Lair:3   | Reached XP level 16. HP: 119/157 MP: 4/15
 18677 | Swamp:1  | Mangled by a swamp worm

Illustrated notes

Levels and vault maps discovered:
D:1:      wander_arrival_estate, layout_loops_ring,
          hellmonk_ecumenical_altar_lost_god, serial_rivers,
          chequers_serial_rivers_marsh, chequers_serial_rivers_micro_a,
          chequers_serial_rivers_micro_b, chequers_serial_rivers_micro_c,
          chequers_serial_rivers_micro_c, chequers_serial_rivers_micro_c,
          minmay_gold_behind_fungi, kennysheep_pointless_box
D:2:      layout_basic, uniq_sigmund, uniq_jessica, uniq_terence
D:3:      layout_rooms, corexii_hall_statues_x, uniq_crazy_yiuf_cottage
D:4:      layout_basic, minmay_temple_entry_tees
D:5:      layout_basic
D:6:      layout_basic, lightli_sewer_entry_pipes
D:7:      layout_basic, nicolae_dithmenos_through_a_glass_darkly,
          minmay_manual_moon
D:8:      layout_gridville, david_lair_generic, serial_shops, shop, kb_rosetta,
          uniq_erica
D:9:      layout_basic, serial_shops, nicolae_shop_competitors_out_of_business,
          kennysheep_minor_cross
D:10:     minmay_opposing_rooms, layout_irregular_city, serial_shops,
          nicolae_shop_trees
D:11:     layout_cave_pools, orc_0_dummy, serial_shops, shop,
          nicolae_stop_n_shop_2, kennysheep_mini_moat
D:12:     layout_gridville, nicolae_qazlal_scattered_showers, uniq_josephine
D:13:     layout_basic, minivault_24, minmay_microvault, uniq_jorgrun
D:14:     minmay_recursive_quarters, layout_stronghold, david_vaults_2,
          nicolae_wu_jian_wuxing_cycle, abandoned_shop, hangedman_decor_push,
          chequers_garden
Lair:1:   layout_chaotic_city, nicolae_volcano_entry_batcave,
          infiniplex_staircase_pool
Lair:2:   layout_cave_pods, uniq_harold, uniq_urug
Lair:3:   layout_roguey, skrybe_swamp_entry_bodies, dummy_snake_entry,
          gauntlet_entry_generic, portal_ice_cave_entry_pillars_2,
          lemuel_fruit_fields
Lair:4:   gammafunk_worm_tunnel, layout_cellular_growth, pf_torpor_hydra
Lair:5:   minmay_guarded_unrand_snakebite, layout_hall_layers,
          nicolae_slime_entry_slimehenge
Lair:6:   hangedman_lair_tendril_chambers, layout_hall_layers, st_stairs_8,
          serial_bayou_pond_b
Swamp:1:  layout_basic_swamp, evilmike_swamp_ruin_house_6
Orc:1:    layout_diamond_mine, gammafunk_ghost_necromancy,
          hellmonk_bongcloud_opening, rock_pile, uniq_nergalle
Orc:2:    st_orc_ogre_mass, layout_diamond_mine, basic_altar, uniq_rupert

Skill      XL: |  1  2  3  4  5  6  7  8  9 10 11 12 13 14 15 |
---------------+----------------------------------------------+-----
Fighting       | 4 6 7 8 10 11 13 14 15 17 18 | 18.3
Axes           | 4 6 7 8 10 11 13 14 15 17 18 | 18.3
Armour         | 3 4 6 8 10 12 13 14 16 17 | 17.7
Dodging        | 3 4 6 8 10 | 10.8

Action                   |  1- 3 |  4- 6 |  7- 9 | 10-12 | 13-15 | 16-18 || total
-------------------------+-------+-------+-------+-------+-------+-------++-------
Melee: Hand axe          |    34 |    59 |   256 |   126 |       |       ||   475
       Headbutt          |     6 |    15 |    61 |   102 |   249 |     2 ||   435
       Flail             |       |       |       |     4 |    59 |       ||    63
       Broad axe         |       |       |       |   232 |   814 |     5 ||  1051
Throw: Boomerang         |       |       |     1 |     1 |       |       ||     2
Invok: Berserk           |     2 |     1 |     1 |     9 |     2 |       ||    15
       Trog's Hand       |       |       |     2 |     2 |     5 |     2 ||    11
       Brothers in Arms  |       |       |       |     1 |     4 |     2 ||     7
  Use: Scroll            |       |       |       |     9 |    21 |     1 ||    31
       Potion            |       |       |       |       |       |     1 ||     1
 Stab: Petrified         |       |       |       |       |     1 |       ||     1
       Distracted        |       |       |       |       |     1 |     1 ||     2
Armor: Animal skin       |     3 |       |       |       |       |       ||     3
       Ring mail         |     9 |     3 |       |       |       |       ||    12
       Chain mail        |       |    23 |   113 |    40 |       |       ||   176
       Plate armour      |       |       |       |   168 |   505 |    25 ||   698
Dodge: Dodged            |    31 |    17 |   147 |   201 |   483 |    32 ||   911
